 Dungeon Crawl Stone Soup version 0.21-a0-229-g3587535 (webtiles) character file.

18 Kidiri the Magician (level 2, 0/15 HPs)
             Began as a Deep Elf Fire Elementalist on Sept 1, 2017.
             Slain by a jackal (2 damage)
             ... on level 1 of the Dungeon.
             The game lasted 00:02:05 (459 turns).

Kidiri the Magician (Deep Elf Fire Elementalist)     Turns: 459, Time: 00:02:06

Health: 0/15       AC:  2    Str:  5    XL:     2   Next: 48%
Magic:  3/8        EV: 12    Int: 19    God:
Gold:   29         SH:  0    Dex: 15    Spells: 5/8 levels left

rFire    . . .     SeeInvis .   e - +2 short sword (holy)
rCold    . . .     Gourm    .   (no shield)
rNeg     . . .     Faith    .   a - +0 robe
rPois    .         Spirit   .   (no helmet)
rElec    .         Reflect  .   (no cloak)
rCorr    .         Harm     .   (no gloves)
MR       .....                  (no boots)
Stlth    ++........             (no amulet)
HPRegen  0.05/turn              (no ring)
MPRegen  0.11/turn              (no ring)

@: heavily drained
A: no striking features
a: no special abilities


You were on level 1 of the Dungeon.
You were not hungry.

You visited 1 branch of the dungeon, and saw 1 of its levels.

You collected 29 gold pieces.

Inventory:

Hand Weapons
 e - a +2 short sword of holy wrath (weapon)
Armour
 a - a +0 robe (worn)
Scrolls
 d - a scroll of amnesia {unknown}
Books
 b - a book of Flames

   Spells                             Type                      Level
   a - Flame Tongue                   Conjuration/Fire             1
   b - Throw Flame                    Conjuration/Fire             2
   c - Conjure Flame                  Conjuration/Fire             3
   d - Inner Flame                    Hexes/Fire                   3
   e - Sticky Flame                   Conjuration/Fire             4
   f - Fireball                       Conjuration/Fire             5
Comestibles
 c - a bread ration
 f - 3 chunks of flesh


   Skills:
 - Level 2.4(1.1) Dodging
 - Level 2.4(1.1) Stealth
 * Level 3.9(2.6) Spellcasting
 + Level 1.4(0.2) Conjurations
 + Level 3.5(2.2) Fire Magic


You had 5 spell levels left.
You knew the following spells:

 Your Spells              Type           Power        Failure   Level  Hunger
a - Flame Tongue          Conj/Fire      #....        10%         1    None
b - Throw Flame           Conj/Fire      #.....       14%         2    ##.....


Dungeon Overview and Level Annotations

Branches:
Dungeon (1/15)

Altars:


Message History

a club; a goblin corpse A goblin comes into view.
The dart slug launches a dart at you. The slug dart hits you!
The jackal barely misses you.
You completely miss the goblin. The jackal closely misses you.
The goblin barely misses you. The goblin hits you.
* * * LOW HITPOINT WARNING * * *
The jackal bites you.
* * * LOW HITPOINT WARNING * * *
The goblin misses you. The jackal closely misses you.
Your magical contamination has completely faded away.
Found 3 gold pieces and 6 needles of sleeping.
A bat comes into view.
The jackal barks!
The bat barely misses you. The jackal barely misses you.
The bat hits you but does no damage. The bat closely misses you.
The bat barely misses you. The jackal bites you.
You die...

......###.(..............
..###............###.....
...######.#......# ....
.......##.......w# .....
..####.###.......###.....
..# #........h.....$....
..#####.........#g.......
#.......####....#h..$....
#.####..#.......@b=......
#.####.........)...#...(.
.........................
.......##................
.......# ............###.
......................#
......###...........#...
......# ..........#####
...###..


You could see 2 jackals, a goblin and a bat.

Vanquished Creatures
  An ooze (D:1)
  A dart slug (D:1)
  2 goblins (D:1)
  3 hobgoblins (D:1)
  2 frilled lizards (D:1)
  3 kobolds (D:1)
  A rat (D:1)
13 creatures vanquished.

Notes
Turn   | Place    | Note
-------+----------+-------------------------------------------
     0 | D:1      | Kidiri the Deep Elf Fire Elementalist began the quest for the Orb.
     0 | D:1      | Reached XP level 1. HP: 10/10 MP: 6/6
   253 | D:1      | Reached XP level 2. HP: 15/15 MP: 2/8
   275 | D:1      | Learned a level 2 spell: Throw Flame
   459 | D:1      | Slain by a jackal

Vault maps used:
D:1:      elethiomel_arrival_infinity_welcomes_careful_drivers

Action                   || total
-------------------------++-------
Melee: Unarmed           ||     3
       Short sword       ||    15
 Cast: Flame Tongue      ||    17
       Throw Flame       ||     3
Armor: Robe              ||     5
Dodge: Dodged            ||    27

Table legend:
 A = Spawn XP
 B = Non-spawn XP
 C = Spawn XP percentage of total XP
 D = Spawn monster count
 E = Non-spawn monster count
 F = Spawn count percentage of total count
 G = Total turns spent on level
                    A         B        C        D         E        F      G
               +---------+---------+-------+---------+---------+-------+---------
         Total |       1 |      25 |   3.8 |       1 |      12 |   7.7 |   459
               +---------+---------+-------+---------+---------+-------+---------
           D:1 |       1 |      25 |   3.8 |       1 |      12 |   7.7 |   459
               +---------+---------+-------+---------+---------+-------+---------
